 Dungeon Crawl Stone Soup version 0.20-a0-433-g9e36e56 (webtiles) character file.

191 siimphh the Chopper (level 5, -1/46 HPs)
             Began as a Minotaur Berserker on Dec 31, 2016.
             Was a Believer of Trog.
             Slain by a slave (4 damage)
             ... led by Pikel
             ... on level 4 of the Dungeon on Jan 4, 2017.
             The game lasted 00:31:52 (2093 turns).

siimphh the Chopper (Minotaur Berserker)            Turns: 2093, Time: 00:31:53

Health: -1/46      AC: 10    Str: 26    XL:     5   Next: 42%
Magic:  4/4        EV:  9    Int:  4    God:    Trog [**....]
Gold:   137        SH:  0    Dex:  9    Spells: 4/4 levels left

rFire  . . .     SeeInvis .     a - +0 hand axe
rCold  . . .     Gourm    .     i - +1 chain mail
rNeg   . . .     Faith    .     (no shield)
rPois  .         Spirit   .     (helmet restricted)
rElec  .         Reflect  .     (no cloak)
rCorr  .         Harm     .     (no gloves)
MR     .....                    (no boots)
Stlth  ..........               (no amulet)
                                (no ring)
                                p - +3 ring of strength

@: about to teleport
A: retaliatory headbutt, horns 2
a: Berserk, Trog's Hand, Burn Spellbooks, Renounce Religion


You were on level 4 of the Dungeon.
You worshipped Trog.
Trog was pleased with you.
You were not hungry.

You visited 1 branch of the dungeon, and saw 4 of its levels.

You collected 137 gold pieces.

Inventory:

Hand Weapons
 a - a +0 hand axe (weapon)
Missiles
 e - 2 poisoned javelins
 j - 10 tomahawks (quivered)
Armour
 i - a +1 chain mail (worn)
 t - a +1 leather armour of magic resistance
Jewellery
 p - a +3 ring of strength (left hand)
Wands
 l - a wand of paralysis (13/24)
Scrolls
 d - a scroll of teleportation
 k - a scroll of noise {unknown}
 m - a scroll of remove curse
 r - a scroll of blinking {unknown}
 s - a scroll of fog {unknown}
Potions
 g - 2 potions of flight {unknown}
 h - 3 potions of curing
 o - a potion of brilliance {unknown}
 q - 2 potions of lignification {unknown}
Comestibles
 b - 9 chunks of flesh
 c - 3 bread rations
 f - 2 royal jellies
 n - a beef jerky


   Skills:
 + Level 4.1 Fighting
 + Level 4.9 Axes
 + Level 3.0 Throwing
 + Level 3.7 Armour
 + Level 2.6 Dodging


You had 4 spell levels left.
You didn't know any spells.

Dungeon Overview and Level Annotations

Branches:
Dungeon (4/15)
 Temple: D:4-7

Altars:
Elyvilon
Makhleb
Ru
Yredelemnul

Annotations:
D:4 Meriados's ghost, amateur VSAs; Pikel


Innate Abilities, Weirdness & Mutations

You reflexively headbutt those who attack you in melee.
You have a pair of horns on your head.


Message History

Pikel hits you but does no damage. Meriados's ghost closely misses you.
You see here a scroll of teleportation.
As you read the scroll of teleportation, it crumbles to dust.
You feel strangely unstable. The slave hits you.
* * * LOW HITPOINT WARNING * * *
The slave hits you but does no damage. x2; Pikel closely misses you.
Meriados's ghost closely misses you.
Unknown command.
The slave hits you.
* * * LOW HITPOINT WARNING * * *
Pikel says, "You'll feel the lick of my whip!"
Meriados's ghost hits you but does no damage.
The slave barely misses you. You furiously retaliate!
You headbutt the slave.
You see here a tomahawk.
You closely miss the slave. Your headbutt misses the slave.
The slave is moderately wounded.
You hit the slave but do no damage.
You hit Meriados's ghost but do no damage.
You closely miss the slave. The slave hits you.
You die...

#.# .# .. #.# #.# #.#
.. #.# #.##.# #..#.#
#W#p# ##########@pK#
#.........pp.#
#######.#########..#
#............)..#.>###
#.#####.#.##.........#
#.#
#.#.##.........#####
#.#
#.#..'.............#
#.#
#.#'##.........###.#
..# #....######.####
#.#


You could see Pikel, 4 slaves and Meriados's ghost.

Vanquished Creatures
  A scorpion (D:3)
  A worker ant (D:4)
  Robin (D:4)
  3 adders (D:3)
  2 oozes (D:3)
  A worm (D:3)
  3 dart slugs
  3 leopard geckos
  An orc (D:3)
  A giant cockroach (D:4)
  12 goblins
  7 hobgoblins
  3 jackals (D:3)
  6 kobolds
  A ball python (D:2)
  7 bats
  2 frilled lizards
  5 rats
60 creatures vanquished.

Notes
Turn   | Place    | Note
-------+----------+-------------------------------------------
     0 | D:1      | siimphh the Minotaur Berserker began the quest for the Orb.
     0 | D:1      | Reached XP level 1. HP: 19/19 MP: 0/0
   192 | D:1      | Reached XP level 2. HP: 23/27 MP: 1/1
   251 | D:1      | Upgraded the game from 0.20-a0-420-g83c570d to 0.20-a0-432-g25cc1b4
   435 | D:1      | Upgraded the game from 0.20-a0-432-g25cc1b4 to 0.20-a0-433-g9e36e56
   652 | D:2      | Reached XP level 3. HP: 33/33 MP: 2/2
   911 | D:3      | Found a basalt altar of Yredelemnul.
   999 | D:3      | Found a white marble altar of Elyvilon.
  1091 | D:3      | Reached skill level 1 in Throwing
  1091 | D:3      | Reached XP level 4. HP: 40/40 MP: 3/3
  1242 | D:3      | Found a burning altar of Makhleb.
  1299 | D:3      | Reached ** piety under Trog
  1447 | D:3      | Reached XP level 5. HP: 46/46 MP: 4/4
  1878 | D:4      | Found a sacrificial altar of Ru.
  1935 | D:4      | Noticed Robin
  1940 | D:4      | Killed Robin
  2054 | D:4      | Noticed a slave
  2055 | D:4      | Noticed a slave
  2057 | D:4      | Noticed a slave
  2082 | D:4      | Noticed Pikel
  2085 | D:4      | Noticed a slave
  2085 | D:4      | Noticed Meriados's ghost (amateur VSAs)
  2093 | D:4      | Slain by a slave

Vault maps used:
D:1:      minmay_arrival_widening_spiral_wide
D:3:      overflow_temple_1_default, yredelemnul_altar_generic,
          lemuel_doored_altar, first_bread
D:4:      nicolae_overflow_crystal_walls, uniq_edmund, uniq_robin, uniq_pikel

Skill      XL: |  1  2  3  4  5 |
---------------+----------------+-----
Axes           | 4 |  4.9
Fighting       | 4 |  4.1
Armour         | 3 |  3.7
Throwing       | 1 2 3 |  3.0
Dodging        | |  2.6

Action                   |  1- 3 |  4- 6 || total
-------------------------+-------+-------++-------
Melee: Hand axe          |    39 |    35 ||    74
       Headbutt          |     6 |     8 ||    14
       Dagger            |     4 |       ||     4
Throw: Tomahawk          |    48 |    49 ||    97
  Use: Scroll            |     5 |     1 ||     6
  Eat: Chunk             |     1 |     3 ||     4
Armor: Animal skin       |    13 |       ||    13
       Chain mail        |    17 |    25 ||    42
Dodge: Dodged            |    37 |    18 ||    55
